Description

Build order trimmed down to common mistakes

  1. -early map control with group of zerglings

  2. -prioritize scouting for 3rd

  3. -mutalisk shift clicking to wrap around enemy base

  4. -zero supply blocks

Build Order

Get SALT Encoding   

  13  0:13  Overlord  
  17  0:52  Hatchery  
  17  1:14  Spawning Pool  
  21  2:03  Queen x2  
  27  2:08  Zergling SCOUT  
  27  2:11  Metabolic Boost  
  27  2:12  Overlord  
  30  2:39  Queen  
  33  2:45  Queen  
  33  2:50  Overlord  
  44  3:20  Lair  
  44  3:21  Zergling SCOUT  
  44  3:28  Extractor x2  
  44  3:30  Overlord  
  44  3:36  Overlord  
  58  4:25  Spire  
  59  4:26  Zergling MAP CONTROL DENY 3rd  
  61  5:00  Hatchery  
  69  5:46  Mutalisk x7  
  81  6:01  Mutalisk  
  82  6:26  Mutalisk x2  
  85  6:35  Overlord DUMP EXTRA MINERALS INTO OVERLORDS  
  97  7:24  Extractor x2  
  106  8:00  Hatchery DUMP EXTRA MINERALS INTO HATCHERIES  
  130  8:35  Roach Warren TRANSITION INTO GROUND  
  150  9:35  Glial Reconstitution GROUND UPGRADES  
  170  10:00  Hydralisk Den GROUND UPGRADES  
  171  11:00  Viper VIPERS IF MASSING AIR  
  172  11:01  Infestor INFESTOR IF MASSING GROUND  
  173  11:30  Adrenal Glands ZERGLINGS GUD  
  174  11:31  Zerg Ground Armor Level 3 UPGRADE ERRYTHING  
  175  12:32  Zerg Missile Weapons Level 3 UPGRADE ERRYTHING  
  176  13:33  Zerg Melee Weapons Level 3 UPGRADE ERRYTHING  
Spawning Tool Build Advisor. Get it on Overwolf

Analysis

  1. -Watch for early roach timings

  2. -Early mass phoenix needs to be countered with more speedlings

Go to:

Details

  • Created by: broseph
  • Published on: Sep 12, 2020
  • Modified on: Sep 17, 2020
  • Patch: 4.11.0
  • Difficulty: Hard
Show
View Real Time Build Order
Export as new Build Order

Comments (0)

There are no comments. Be the first!

Create an account to comment!